 Dungeon Crawl Stone Soup version 0.30-a0-165-g1891117ce2 (webtiles) character file.

Game seed: 12156553280384880160

177089 qw the Tortoise (level 18, -2/123 HPs)
             Began as a Gargoyle Fighter on Sept 28, 2022.
             Slain by a 17-headed hydra (9 damage)
             ... on level 4 of the Swamp.
             The game lasted 00:15:18 (26608 turns).

qw the Tortoise (Gargoyle Fighter)                 Turns: 26608, Time: 00:15:19

Health: -2/123     AC: 52    Str: 26    XL:     18   Next: 15%
Magic:  18/18      EV: 14    Int:  9    God:
Gold:   140        SH: 17    Dex: 11    Spells: 17/17 levels left

rFire   + . .      SeeInvis +    l - +6 war axe (vamp)
rCold   + . .      Faith    .    E - +0 kite shield
rNeg    + . .      Spirit   .    s - +2 crystal plate armour
rPois   inf        Reflect  +    v - +0 helmet of the Bulwark {-Cast Will+ Regen+ Dex+2}
rElec   +          Harm     .    c - scarf {repulsion}
rCorr   .          Rampage  .    i - +2 pair of gloves
Will    ++++.      NoCast   +    w - +2 pair of boots of the Many Xalams {rC+ Will+}
Stlth   ..........               G - amulet "Haannoce" {Reflect Regen+ SH+5}
HPRegen 1.90/turn                C - +7 ring of evasion
MPRegen 0.16/turn                D - ring of see invisible

@: about to teleport, flying, repel missiles
A: sickness immunity, AC +13, big wings, negative energy resistance 1,
electricity resistance, torment resistance 1, petrification resistance, dopey 1,
fire resistance 1, strong-willed 1, shaggy fur 1
a: no special abilities


You were on level 4 of the Swamp.
You visited 5 branches of the dungeon, and saw 29 of its levels.
You also visited: Ossuary.

You collected 3989 gold pieces.
You spent 3849 gold pieces at shops.


Innate Abilities, Weirdness & Mutations

You are immune to sickness and miasma.
Your stone body is resilient. (AC +13)
You are immune to poison.
Your large and strong wings let you fly.
You resist negative energy. (rN+)
You are resistant to electric shocks. (rElec)
You are resistant to unholy torment.
You are immune to petrification.
You are dopey. (Int -2)
Your flesh is heat resistant. (rF+)
You are strong-willed. (Will+)
You are covered in fur. (AC +1)


   Skills:
 - Level 17.0 Fighting
 - Level 16.0 Axes
 - Level 8.0 Throwing
 - Level 19.2 Armour
 - Level 4.0 Dodging
 + Level 13.1 Shields


You had 17 spell levels left.
You didn't know any spells.
Your spell library was empty.

Inventory:

Hand Weapons
 l - a +6 vampiric war axe (weapon)
 z - a +0 broad axe
Missiles
 j - 2 silver boomerangs
 o - 4 boomerangs of dispersal
 p - 18 boomerangs
 u - 4 javelins (quivered)
Armour
 c - a scarf of repulsion (worn)
 g - the +2 chain mail "Itibyduo" {rElec rC+++ Str-2 Dex-2}
   (You found it on level 4 of the Lair of Beasts)

   Str:       It affects your strength (-2).
   Dex:       It affects your dexterity (-2).
   rC:        It renders you almost immune to cold.
   rElec:     It insulates you from electricity.
 i - a +2 pair of gloves (worn)
 r - a +0 cloak of willpower
 s - a +2 crystal plate armour (worn)
 v - the +0 helmet of the Bulwark (worn) {-Cast Will+ Regen+ Dex+2}
   (You found it on level 6 of the Dungeon)

   Dex:       It affects your dexterity (+2).
   -Cast:     It prevents spellcasting.
   Regen:     It increases your rate of health regeneration.
   Will:      It increases your willpower.
 w - the +2 pair of boots of the Many Xalams (worn) {rC+ Will+}
   (You found it on level 11 of the Dungeon)

   rC:        It protects you from cold.
   Will:      It increases your willpower.
 E - a +0 kite shield (worn)
 F - the +0 hat of the Crypt {Harm Drain rF++ Dex-3}
   (You found it on level 1 of the Orcish Mines)

   Dex:       It affects your dexterity (-3).
   rF:        It greatly protects you from fire.
   Drain:     It drains your maximum health when unequipped.
   Harm:      It increases damage dealt and taken.
 I - the +1 chain mail "Moucs" {Fly rN+ rCorr}
   (You bought it in a shop on level 3 of the Snake Pit)

   rN:        It protects you from negative energy.
   Fly:       It grants you flight.
   rCorr:     It protects you from acid and corrosion.
Jewellery
 a - a ring of protection from cold
 y - a ring of resist corrosion
 C - a +7 ring of evasion (left hand)
 D - a ring of see invisible (right hand)
 G - the amulet "Haannoce" (around neck) {Reflect Regen+ SH+5}
   (You bought it in a shop on level 2 of the Orcish Mines)

   [amulet of reflection]

   It reflects blocked missile attacks.
   Regen:     It increases your rate of health regeneration.
   SH:        It affects your SH (+5).
 H - the ring of Yseotz {rCorr Int+4}
   (You bought it in a shop on level 3 of the Snake Pit)

   [ring of resist corrosion]

   Int:       It affects your intelligence (+4).
   rCorr:     It protects you from acid and corrosion.
 Y - a +4 ring of protection
Scrolls
 b - 16 scrolls of identify
 q - 9 scrolls of teleportation
 x - 2 scrolls of brand weapon
Potions
 d - 5 potions of might
 e - 18 potions of curing
 f - 5 potions of mutation
 h - 3 potions of cancellation
 k - 11 potions of lignification
 n - 5 potions of attraction
 t - 3 potions of haste
 B - a potion of resistance

Dungeon Overview and Level Annotations

Branches:
Dungeon (15/15)            Temple (0/1) D:7            Lair (5/5) D:9
  Swamp (4/4) Lair:2        Snake (3/4) Lair:2        Slime (0/5) Lair:5
    Orc (2/2) D:9             Elf (0/3) Orc:2        Vaults (0/5) D:13
 Depths (0/4) D:15        Ossuary (visited)

Altars:
Ashenzari
Dithmenos
Elyvilon
Kikubaaqudgha
Makhleb
Sif Muna
Trog
Uskayaw
Vehumet
Yredelemnul
Zin

Shops:
D:6 *   D:9 ?   D:14 *   D:15 :   Orc:2 =?[?   Snake:1 *=   Snake:3 [[*[*

Portals:
Abyss: Snake:1

Annotations:
D:14 1 runed translucent door, Ytheofip's ghost, journeyman FoFi
Snake:1 2 transporters, Romunoh's ghost, adept SpBr
Snake:2 1 transporter


Message History

The 16-headed hydra is moderately wounded.
You closely miss the eleionoma. You block the 16-headed hydra's attack.
The 16-headed hydra bites you but does no damage.
You block the 16-headed hydra's attack. x2
The 16-headed hydra bites you but does no damage.
The 16-headed hydra bites you! x3; The 16-headed hydra barely misses you.
The 16-headed hydra bites you but does no damage. x2
The 16-headed hydra barely misses you.
The 16-headed hydra completely misses you.
The 16-headed hydra bites you but does no damage. x2
The 16-headed hydra bites you. The eleionoma completely misses you.
26607 ||| READING 10 scrolls of teleportation.
As you read the scroll of teleportation, it crumbles to dust.
You feel strangely unstable. You block the spriggan rider's attack.
The 16-headed hydra closely misses you.
You block the 16-headed hydra's attack. x3; The 16-headed hydra bites you.
The 16-headed hydra barely misses you. The 16-headed hydra bites you!
The 16-headed hydra bites you but does no damage.
The 16-headed hydra misses you.
The 16-headed hydra bites you but does no damage. x4
The 16-headed hydra misses you. You block the 16-headed hydra's attack.
The 16-headed hydra barely misses you.
The eleionoma splashes around in the water.
You lop one of the 16-headed hydra's heads off!
The 15-headed hydra grows two more!
You slice the 17-headed hydra!!
You feel better.
The 17-headed hydra is heavily wounded.
You slash the eleionoma!
You feel better.
The spriggan rider hits you but does no damage.
The eleionoma hits you but does no damage.
The 17-headed hydra bites you! The 17-headed hydra closely misses you.
The 17-headed hydra bites you but does no damage. x3
The 17-headed hydra bites you! You block the 17-headed hydra's attack.
The 17-headed hydra barely misses you.
The 17-headed hydra bites you but does no damage.
The 17-headed hydra misses you.
You block the 17-headed hydra's attack. x2
The 17-headed hydra bites you! The 17-headed hydra closely misses you.
The 17-headed hydra barely misses you. The 17-headed hydra bites you!
You die... 777

7~~7777
.~~~...
~~~..~~
777.....~~
7R....7
7.@~.~7
7~D)777
7~i..7
777...7
.~~.~
......
...~~77
.~~7..


You could see an eleionoma, a 17-headed hydra (strong) and a spriggan rider.

Vanquished Creatures
  Mara (Swamp:3)
  Bai Suzhen (Snake:3)
  Vashnia (Snake:2)
  Jorgrun (Orc:2)
  Frances (Swamp:1)
  Gastronok (D:9)
  Kirke (Snake:1)
  A thorn hunter (Swamp:3)
  Aizul (Snake:3)
  2 orc warlords (Orc:1)
  A stone giant (D:15)
  2 eleionomae (Swamp:3)
  Nessos (Orc:2)
  7 bunyips
  Snorg (D:12)
  5 vault guards (D:13)
  6 anacondas
  2 spriggan air magi
  15 hydras
  2 catoblepae
  3 two-headed ogres
  3 boulder beetles
  6 centaur warriors
  12 naga warriors
  A deep troll shaman (Lair:5)
  9 death yaks
  6 shock serpents
  2 spriggan berserkers (Swamp:2)
  9 alligators
  3 orc high priests (Orc:2)
  2 tengu warriors (D:14)
  Urug (Lair:2)
  5 naga sharpshooters (Snake:2)
  A deep elf knight (D:13)
  A fire crab (shapeshifter) (D:13)
  5 skeletal warriors (D:13)
  4 goliath frogs
  2 salamander mystics
  5 spriggan druids
  4 bog bodies
  3 swamp dragons
  2 naga ritualists
  A lindwurm (Lair:5)
  A wizard (D:13)
  5 deep elf pyromancers
  4 orc sorcerers (Orc:2)
  A deep elf zephyrmancer (Orc:1)
  4 orc knights (Orc:2)
  A wolf spider (Lair:2)
  3 mana vipers
  7 ugly things
  5 cyclopes
  5 manticores
  4 salamanders
  13 slime creatures
  Maurice (D:10)
  3 will-o-the-wisps (Swamp:1)
  20 black mambas
  16 elephants
  Joseph (Lair:1)
  11 naga magi
  5 guardian serpents
  6 gargoyles (D:13)
  7 cane toads
  5 rime drakes
  A yaktaur (D:13)
  2 efreet (D:13)
  An unseen horror (D:10)
  2 tengu conjurers
  7 komodo dragons
  13 hornets
  7 trolls
  A bloated husk (Swamp:2)
  A polar bear (Lair:5)
  A blink frog (shapeshifter) (D:14)
  6 tyrant leeches
  5 dream sheep (Lair:5)
  12 blink frogs
  Sigmund (D:2)
  A wyvern (D:9)
  16 spriggans
  2 shadows
  2 wraiths
  45 yaks
  2 vampires (D:10)
  6 basilisks
  4 hogs (Snake:1)
  18 vampire mosquitoes
  2 steam dragons
  Menkaure (D:4)
  3 acid dragons
  27 nagas
  6 wargs
  Edmund (D:6)
  9 swamp worms
  9 water moccasins
  2 swamp drakes
  An ice beast (D:5)
  24 orc warriors
  2 sky beasts
  2 black bears
  6 ogres
  34 wolves
  16 centaurs
  2 phantoms (D:6)
  2 kobold brigands
  5 bullfrogs
  A gnoll sergeant (D:10)
  2 necrophages (D:5)
  2 scorpions
  A wyvern zombie (D:6)
  A water moccasin zombie (D:6)
  13 wights
  5 killer bees
  10 howler monkeys
  A jelly (D:6)
  A crimson imp (Orc:1)
  A centaur zombie (Ossuary)
  A hound (D:5)
  2 human zombies (Ossuary)
  3 bullfrog zombies (D:6)
  2 gnoll boudas
  15 orc priests
  An iron imp (Orc:1)
  Natasha (thrice) (D:2)
  2 bullfrog skeletons (D:6)
  5 iguanas
  23 orc wizards
  2 mummies (Ossuary)
  Robin (D:2)
  12 gnolls
  6 adders
  2 shadow imps
  2 white imps
  2 adder zombies (Ossuary)
  4 worms
  6 dart slugs
  88 orcs
  6 ball pythons
  9 endoplasms
  5 giant cockroaches
  14 goblins
  8 hobgoblins
  11 jackals
  8 quokkas
  9 bats
  6 frilled lizards
  3 goblin zombies
  7 hobgoblin zombies (Ossuary)
  3 jackal zombies (Ossuary)
  15 kobolds
  5 kobold zombies (Ossuary)
  15 orc zombies (Ossuary)
  A quokka zombie (D:4)
  6 rats
932 creatures vanquished.

Vanquished Creatures (others)
  A spriggan druid (Swamp:1)
  A deep elf pyromancer (Orc:1)
  A guardian serpent (Snake:2)
  A bloated husk (Swamp:1)
  A hornet (Swamp:3)
  A spriggan (Swamp:3)
  An orc warrior (Orc:1)
  An orc (Orc:1)
  18 foxfires
  9 fungi
  21 plants
56 creatures vanquished.

Grand Total: 988 creatures vanquished

Notes
Turn   | Place    | Note
-------+----------+-------------------------------------------
     0 | D:1      | qw the Gargoyle Fighter began the quest for the Orb.
     0 | D:1      | Reached XP level 1. HP: 14/14 MP: 1/1
     0 | D:1      | 0 ||| qw: Version: 0.2-a-12-gaebbb33
     0 | D:1      | 0 ||| qw: Game counter: 865
     0 | D:1      | 0 ||| qw: Always use a shield: true
     0 | D:1      | 0 ||| qw: God list: Okawaru
     0 | D:1      | 0 ||| qw: Allow faded altars: false
     0 | D:1      | 0 ||| qw: Do Orc after D:15 true
     0 | D:1      | 0 ||| qw: Do second Lair branch before Depths: true
     0 | D:1      | 0 ||| qw: Lair rune preference: random
     0 | D:1      | 0 ||| qw: Plans: Normal, Zot:1-4, God:TSO, Crypt, Tomb,
                  | Pan, Slime:5, Hells, Abyss, Orb
     0 | D:1      | 0 ||| PLANNING D:1-11
   183 | D:1      | Reached XP level 2. HP: 18/19 MP: 2/2
   735 | D:1      | Reached skill level 3 in Axes
   776 | D:1      | Reached XP level 3. HP: 23/23 MP: 3/3
  1039 | D:1      | 1039 ||| Stepping ~*~*~tactically~*~*~ (stealth).
  1051 | D:1      | 1051 ||| READING scroll labelled VANURIAGRA.
  1298 | D:1      | 1298 ||| UPGRADING to +4 ring of protection.
  1299 | D:1      | 1299 ||| READING scroll labelled AKHLO HEUSUIFFE.
  1300 | D:1      | 1300 ||| DRINKING 2 smoky golden potions.
  1331 | D:2      | Noticed Sigmund
  1335 | D:2      | Killed Sigmund
  1336 | D:2      | Reached XP level 4. HP: 28/28 MP: 4/4
  1336 | D:2      | Reached XP level 5. HP: 32/32 MP: 5/5
  1374 | D:2      | 1374 ||| Stepping ~*~*~tactically~*~*~ (stealth).
  1407 | D:2      | Noticed Natasha
  1414 | D:2      | Killed Natasha
  1415 | D:2      | Reached XP level 6. HP: 38/38 MP: 6/6
  1606 | D:2      | 1606 ||| Stepping ~*~*~tactically~*~*~ (stealth).
  1626 | D:2      | 1626 ||| Stepping ~*~*~tactically~*~*~ (hiding).
  1742 | D:2      | Noticed Natasha
  1747 | D:2      | Killed Natasha
  1748 | D:2      | Reached skill level 1 in Dodging
  1786 | D:2      | Found a faded altar of an unknown god.
  1953 | D:2      | 1953 ||| Stepping ~*~*~tactically~*~*~ (hiding).
  1968 | D:2      | Noticed Robin
  1976 | D:2      | Killed Robin
  1997 | D:2      | Noticed Natasha
  1998 | D:2      | 1998 ||| Stepping ~*~*~tactically~*~*~ (stealth).
  1999 | D:2      | 1999 ||| Stepping ~*~*~tactically~*~*~ (stealth).
  2001 | D:2      | Killed Natasha
  2002 | D:2      | 2002 ||| FLEEEEING.
  2003 | D:2      | 2003 ||| FLEEEEING.
  2004 | D:2      | 2004 ||| FLEEEEING.
  2007 | D:2      | 2007 ||| FLEEEEING.
  2008 | D:2      | 2008 ||| FLEEEEING.
  2013 | D:2      | 2013 ||| FLEEEEING.
  2014 | D:2      | 2014 ||| FLEEEEING.
  2015 | D:2      | 2015 ||| FLEEEEING.
  2016 | D:2      | 2016 ||| FLEEEEING.
  2096 | D:2      | 2096 ||| DROPPING +0 club.
  2254 | D:2      | 2254 ||| UPGRADING to +0 pair of gloves.
  2259 | D:2      | 2259 ||| UPGRADING to +2 helmet.
  2264 | D:2      | 2264 ||| UPGRADING to amulet of the acrobat.
  2269 | D:2      | 2269 ||| UPGRADING to ring of positive energy.
  2270 | D:2      | 2270 ||| READING scroll labelled SURPHU SUAWNU.
  2271 | D:2      | 2271 ||| READING scroll labelled QOEXUR OSUMEIME.
  2272 | D:2      | 2272 ||| DRINKING 2 fizzy white potions.
  2272 | D:2      | Gained mutation: You are strong-willed. (Will+) [potion of
                  | mutation]
  2272 | D:2      | Gained mutation: Your flesh is heat resistant. (rF+)
                  | [potion of mutation]
  2272 | D:2      | Gained mutation: You are dopey. (Int -2) [potion of
                  | mutation]
  2272 | D:2      | Gained mutation: You are covered in fur. (AC +1) [potion of
                  | mutation]
  2332 | D:3      | 2332 ||| SWAPPING to +1 vampiric war axe.
  2627 | D:3      | Reached skill level 6 in Axes
  2983 | D:3      | Noticed an orc warrior
  2984 | D:3      | 2984 ||| Stepping ~*~*~tactically~*~*~ (stealth).
  2997 | D:3      | Killed an orc warrior
  2998 | D:3      | Reached XP level 7. HP: 42/43 MP: 7/7
  3072 | D:3      | 3072 ||| UPGRADING to +0 chain mail.
  3082 | D:3      | 3082 ||| DROPPING +0 scale mail.
  3083 | D:3      | 3083 ||| UPGRADING to +0 plate armour.
  3093 | D:3      | 3093 ||| DROPPING +0 chain mail.
  3094 | D:3      | 3094 ||| DROPPING amulet of magic regeneration.
  3095 | D:3      | 3095 ||| DROPPING ring of magical power.
  3096 | D:3      | 3096 ||| READING scroll labelled CUBAMUO LECW.
  3097 | D:3      | 3097 ||| READING scroll labelled ETUDACZIPOELL.
  3198 | D:3      | 3198 ||| READING scroll labelled CUG ENIGYQONEI.
  3254 | D:3      | 3254 ||| READING scroll labelled OSORUS XUEN.
  3255 | D:3      | 3255 ||| DRINKING 2 glowing orange potions.
  3256 | D:3      | 3256 ||| DROPPING potion of brilliance.
  3285 | D:4      | 3285 ||| PLANNING OSSUARY
  3420 | D:4      | Noticed Menkaure
  3429 | D:4      | Killed Menkaure
  3430 | D:4      | Reached skill level 4 in Armour
  3799 | D:4      | Found a sand-covered staircase.
  3800 | D:4      | 3800 ||| READING scroll labelled QUCSOM LOICRA.
  3801 | D:4      | 3801 ||| READING scroll labelled IRHUGEIPOJU.
  3815 | Ossuary  | Entered an ossuary
  4054 | Ossuary  | 4054 ||| READING scroll of enchant weapon.
  4054 | Ossuary  | 4054 ||| ENCHANTING +1 vampiric war axe.
  4092 | Ossuary  | 4092 ||| READING scroll of enchant weapon.
  4092 | Ossuary  | 4092 ||| ENCHANTING +2 vampiric war axe.
  4132 | Ossuary  | 4132 ||| READING 2 scrolls of identify.
  4132 | Ossuary  | 4132 ||| IDENTIFYING fizzy grey potion
  4147 | D:4      | 4147 ||| PLANNING D:1-11
  4165 | D:4      | Found a bloodstained altar of Trog.
  4252 | D:4      | 4252 ||| READING scroll labelled GATAMN CAKA.
  4280 | D:5      | Entered Level 5 of the Dungeon
  4313 | D:5      | Reached XP level 8. HP: 49/49 MP: 8/8
  4324 | D:5      | Reached skill level 1 in Throwing
  4340 | D:5      | Reached skill level 5 in Armour
  4457 | D:5      | 4457 ||| Stepping ~*~*~tactically~*~*~ (stealth).
  4638 | D:5      | 4638 ||| Stepping ~*~*~tactically~*~*~ (hiding).
  4942 | D:5      | 4942 ||| Stepping ~*~*~tactically~*~*~ (stealth).
  4956 | D:5      | 4956 ||| DROPPING +0 whip.
  4958 | D:5      | Found a white marble altar of Elyvilon.
  5023 | D:5      | 5023 ||| Stepping ~*~*~tactically~*~*~ (stealth).
  5026 | D:5      | 5026 ||| Stepping ~*~*~tactically~*~*~ (stealth).
  5032 | D:5      | 5032 ||| Stepping ~*~*~tactically~*~*~ (hiding).
  5044 | D:5      | Reached skill level 6 in Fighting
  5564 | D:5      | 5564 ||| READING scroll labelled ANETE SIAWAYWACWEMN.
  5565 | D:5      | 5565 ||| READING scroll labelled MIONWYEMIDD.
  5566 | D:5      | 5566 ||| READING scroll labelled USKOIZ FIGUF.
  5567 | D:5      | 5567 ||| READING 2 scrolls labelled QUIZIA YSUW.
  5568 | D:5      | 5568 ||| READING 3 scrolls of identify.
  5568 | D:5      | 5568 ||| IDENTIFYING inky potion
  5569 | D:5      | 5569 ||| READING 2 scrolls of identify.
  5569 | D:5      | 5569 ||| IDENTIFYING smoky blue potion
  5570 | D:5      | 5570 ||| DROPPING scroll of fear.
  5626 | D:6      | 5626 ||| Stepping ~*~*~tactically~*~*~ (hiding).
  5637 | D:6      | Reached XP level 9. HP: 55/55 MP: 9/9
  5687 | D:6      | Reached skill level 9 in Axes
  5774 | D:6      | 5774 ||| Stepping ~*~*~tactically~*~*~ (stealth).
  5785 | D:6      | 5785 ||| Stepping ~*~*~tactically~*~*~ (hiding).
  5787 | D:6      | 5787 ||| Stepping ~*~*~tactically~*~*~ (hiding).
  5795 | D:6      | 5795 ||| FLEEEEING.
  5795 | D:6      | Noticed Edmund
  5797 | D:6      | 5797 ||| FLEEEEING.
  5798 | D:6      | 5798 ||| Stepping ~*~*~tactically~*~*~ (hiding).
  5810 | D:6      | Killed Edmund
  5811 | D:6      | Reached skill level 6 in Armour
  5851 | D:6      | 5851 ||| DROPPING +0 flail.
  5939 | D:6      | Found a shadowy altar of Dithmenos.
  6165 | D:6      | 6165 ||| Stepping ~*~*~tactically~*~*~ (stealth).
  6170 | D:6      | 6170 ||| Stepping ~*~*~tactically~*~*~ (stealth).
  6183 | D:6      | 6183 ||| Stepping ~*~*~tactically~*~*~ (stealth).
  6184 | D:6      | 6184 ||| Stepping ~*~*~tactically~*~*~ (stealth).
  6202 | D:6      | Found Jakiynipp's General Store.
  6210 | D:6      | 6210 ||| SHOPLISTING 3 scrolls of enchant armour (337 gold,
                  | have 312).
  6210 | D:6      | 6210 ||| BUYING potion of curing (45 gold).
  6210 | D:6      | Bought a potion of curing for 45 gold pieces
  6210 | D:6      | 6210 ||| BUYING potion of heal wounds (75 gold).
  6210 | D:6      | Bought a potion of heal wounds for 75 gold pieces
  6210 | D:6      | 6210 ||| BUYING scroll of enchant armour (112 gold).
  6210 | D:6      | Bought a scroll of enchant armour for 112 gold pieces
  6210 | D:6      | 6210 ||| READING scroll of enchant armour.
  6210 | D:6      | 6210 ||| ENCHANTING +0 pair of gloves.
  6341 | D:6      | Identified the +0 helmet of the Bulwark {-Cast Will+ Regen+
                  | Dex+2}
  6720 | D:6      | 6720 ||| UPGRADING to +3 plate armour.
  6730 | D:6      | 6730 ||| UPGRADING to +0 helmet of the Bulwark {-Cast Will+
                  | Regen+ Dex+2}.
  6740 | D:6      | 6740 ||| DROPPING +2 helmet.
  6741 | D:6      | 6741 ||| DROPPING +0 plate armour.
  6742 | D:6      | 6742 ||| READING 2 scrolls of identify.
  6742 | D:6      | 6742 ||| IDENTIFYING bubbling white potion
  6743 | D:6      | 6743 ||| DROPPING potion of magic.
  6836 | D:7      | 6836 ||| Stepping ~*~*~tactically~*~*~ (stealth).
  6838 | D:7      | 6838 ||| Stepping ~*~*~tactically~*~*~ (hiding).
  6841 | D:7      | 6841 ||| Stepping ~*~*~tactically~*~*~ (hiding).
  6866 | D:7      | 6866 ||| Stepping ~*~*~tactically~*~*~ (hiding).
  6870 | D:7      | 6870 ||| Stepping ~*~*~tactically~*~*~ (hiding).
  7225 | D:7      | Found a staircase to the Ecumenical Temple.
  7256 | D:7      | 7256 ||| Stepping ~*~*~tactically~*~*~ (hiding).
  7283 | D:7      | 7283 ||| READING 4 scrolls of identify.
  7283 | D:7      | 7283 ||| IDENTIFYING blue potion
  7284 | D:7      | 7284 ||| READING 3 scrolls of identify.
  7284 | D:7      | 7284 ||| IDENTIFYING green potion
  7285 | D:7      | 7285 ||| DROPPING potion of berserk rage.
  7286 | D:7      | 7286 ||| DROPPING potion of invisibility.
  7309 | D:8      | Reached XP level 10. HP: 64/64 MP: 10/10
  7345 | D:8      | 7345 ||| Stepping ~*~*~tactically~*~*~ (stealth).
  7347 | D:8      | 7347 ||| Stepping ~*~*~tactically~*~*~ (stealth).
  7379 | D:8      | 7379 ||| Stepping ~*~*~tactically~*~*~ (hiding).
  7584 | D:8      | 7584 ||| Stepping ~*~*~tactically~*~*~ (stealth).
  7596 | D:8      | Reached skill level 7 in Armour
  7610 | D:8      | 7610 ||| Stepping ~*~*~tactically~*~*~ (hiding).
  7613 | D:8      | 7613 ||| Stepping ~*~*~tactically~*~*~ (hiding).
  7816 | D:8      | 7816 ||| Stepping ~*~*~tactically~*~*~ (hiding).
  8099 | D:8      | 8099 ||| DROPPING ring of wizardry.
  8100 | D:8      | 8100 ||| DRINKING 2 sedimented puce potions.
  8101 | D:8      | 8101 ||| DROPPING potion of flight.
  8267 | D:9      | 8267 ||| READING scroll of enchant weapon.
  8267 | D:9      | 8267 ||| ENCHANTING +3 vampiric war axe.
  8268 | D:9      | 8268 ||| DROPPING +0 spectral war axe.
  8299 | D:9      | Found a staircase to the Lair.
  8353 | D:9      | Found Tyistog's Magic Scroll Boutique.
  8359 | D:9      | 8359 ||| BUYING 3 scrolls of identify (84 gold).
  8359 | D:9      | Bought 3 scrolls of identify for 84 gold pieces
  8359 | D:9      | 8359 ||| BUYING scroll of identify (28 gold).
  8359 | D:9      | Bought a scroll of identify for 28 gold pieces
  8359 | D:9      | 8359 ||| BUYING scroll of teleportation (42 gold).
  8359 | D:9      | Bought a scroll of teleportation for 42 gold pieces
  8359 | D:9      | 8359 ||| BUYING scroll of teleportation (42 gold).
  8359 | D:9      | Bought a scroll of teleportation for 42 gold pieces
  8403 | D:9      | Found a basalt altar of Yredelemnul.
  8512 | D:9      | 8512 ||| Stepping ~*~*~tactically~*~*~ (hiding).
  8557 | D:9      | Noticed Gastronok
  8562 | D:9      | 8562 ||| Stepping ~*~*~tactically~*~*~ (hiding).
  8564 | D:9      | 8564 ||| Stepping ~*~*~tactically~*~*~ (hiding).
  8566 | D:9      | 8566 ||| Stepping ~*~*~tactically~*~*~ (hiding).
  8568 | D:9      | 8568 ||| Stepping ~*~*~tactically~*~*~ (hiding).
  8598 | D:9      | Killed Gastronok
  8687 | D:9      | Found a broken altar of Ashenzari.
  8687 | D:9      | Found a burning altar of Makhleb.
  8784 | D:9      | 8784 ||| Stepping ~*~*~tactically~*~*~ (stealth).
  8801 | D:9      | Found a staircase to the Orcish Mines.
  8822 | D:9      | 8822 ||| Stepping ~*~*~tactically~*~*~ (hiding).
  8845 | D:9      | 8845 ||| Stepping ~*~*~tactically~*~*~ (stealth).
  8952 | D:9      | 8952 ||| DROPPING +1 helmet.
  8953 | D:9      | 8953 ||| READING scroll labelled COUTAI XOOHAKA.
  8966 | D:10     | Entered Level 10 of the Dungeon
  8979 | D:10     | Reached skill level 9 in Fighting
  8985 | D:10     | Reached XP level 11. HP: 64/71 MP: 11/11
  9071 | D:10     | Noticed a two-headed ogre
  9085 | D:10     | Killed a two-headed ogre
  9086 | D:10     | Reached skill level 8 in Armour
  9280 | D:10     | Reached skill level 3 in Throwing
  9400 | D:10     | 9400 ||| Stepping ~*~*~tactically~*~*~ (hiding).
  9430 | D:10     | 9430 ||| Stepping ~*~*~tactically~*~*~ (stealth).
  9431 | D:10     | Noticed Maurice
  9459 | D:10     | Reached skill level 12 in Axes
  9461 | D:10     | Killed Maurice
  9700 | D:10     | Reached skill level 6 in Shields
  9727 | D:10     | 9727 ||| DROPPING +2 vorpal flail.
  9759 | D:10     | Found a glowing silver altar of Zin.
  9760 | D:10     | Found a hide-covered altar of Uskayaw.
  9761 | D:10     | Found an ancient bone altar of Kikubaaqudgha.
  9762 | D:10     | Found a shimmering blue altar of Sif Muna.
  9904 | D:10     | 9904 ||| UPGRADING to +0 cloak of willpower.
  9909 | D:10     | 9909 ||| DRINKING 2 cyan potions.
  9956 | D:11     | 9956 ||| Stepping ~*~*~tactically~*~*~ (stealth).
 10002 | D:11     | Noticed a purple ugly thing
 10015 | D:11     | Killed a purple ugly thing
 10033 | D:11     | Identified the +2 pair of boots of the Many Xalams {rC+
                  | Will+}
 10090 | D:11     | 10090 ||| Stepping ~*~*~tactically~*~*~ (hiding).
 10097 | D:11     | Reached skill level 9 in Armour
 10101 | D:11     | Noticed a boulder beetle
 10107 | D:11     | Noticed a manticore
 10125 | D:11     | Killed a manticore
 10146 | D:11     | Killed a boulder beetle
 10150 | D:11     | Identified the +0 robe of Midwinter {Harm}
 10205 | D:11     | 10205 ||| READING scroll of enchant armour.
 10205 | D:11     | 10205 ||| ENCHANTING +1 pair of gloves.
 10376 | D:11     | 10376 ||| Stepping ~*~*~tactically~*~*~ (hiding).
 10377 | D:11     | 10377 ||| Stepping ~*~*~tactically~*~*~ (hiding).
 10378 | D:11     | 10378 ||| Stepping ~*~*~tactically~*~*~ (hiding).
 10554 | D:11     | 10554 ||| Stepping ~*~*~tactically~*~*~ (stealth).
 10582 | D:11     | Reached XP level 12. HP: 71/77 MP: 12/12
 10649 | D:11     | 10649 ||| PLANNING LAIR
 10649 | D:11     | 10649 ||| UPGRADING to +2 pair of boots of the Many Xalams
                  | {rC+ Will+}.
 10654 | D:11     | 10654 ||| UPGRADING to +4 plate armour.
 10664 | D:11     | 10664 ||| DROPPING +3 plate armour.
 10665 | D:11     | 10665 ||| READING 12 scrolls of identify.
 10665 | D:11     | 10665 ||| IDENTIFYING fuming amethyst potion
 10666 | D:11     | 10666 ||| DROPPING potion of ambrosia.
 10712 | Lair:1   | Entered Level 1 of the Lair of Beasts
 10714 | Lair:1   | 10714 ||| Stepping ~*~*~tactically~*~*~ (stealth).
 10717 | Lair:1   | 10717 ||| Stepping ~*~*~tactically~*~*~ (stealth).
 10734 | Lair:1   | Reached skill level 10 in Armour
 10879 | Lair:1   | Noticed Joseph
 10902 | Lair:1   | Killed Joseph
 11454 | Lair:1   | 11454 ||| UPGRADING to +0 crystal plate armour.
 11464 | Lair:1   | 11464 ||| DROPPING +4 plate armour.
 11465 | Lair:1   | 11465 ||| DROPPING +6 ring of intelligence.
 11502 | Lair:2   | Found a staircase to the Swamp.
 11563 | Lair:2   | 11563 ||| Stepping ~*~*~tactically~*~*~ (hiding).
 11694 | Lair:2   | Found a staircase to the Snake Pit.
 11712 | Lair:2   | Noticed Urug
 11716 | Lair:2   | Noticed a four-headed hydra
 11721 | Lair:2   | 11721 ||| SWAPPING to +0 morningstar of protection.
 11725 | Lair:2   | 11725 ||| Stepping ~*~*~tactically~*~*~ (outnumbered).
 11727 | Lair:2   | 11727 ||| Stepping ~*~*~tactically~*~*~ (outnumbered).
 11728 | Lair:2   | HP: 17/77 [Urug/silver javelin (3)]
 11729 | Lair:2   | 11729 ||| READING 10 scrolls of teleportation.
 11730 | Lair:2   | 11730 ||| DRINKING 6 potions of heal wounds.
 11731 | Lair:2   | 11731 ||| Stepping ~*~*~tactically~*~*~ (outnumbered).
 11732 | Lair:2   | 11732 ||| Stepping ~*~*~tactically~*~*~ (outnumbered).
 11733 | Lair:2   | 11733 ||| Stepping ~*~*~tactically~*~*~ (outnumbered).
 11734 | Lair:2   | 11734 ||| SWAPPING to +4 vampiric war axe.
 11745 | Lair:2   | Reached skill level 11 in Armour
 11790 | Lair:2   | Reached skill level 12 in Armour
 11889 | Lair:2   | 11889 ||| SWAPPING to +0 morningstar of protection.
 11892 | Lair:2   | Killed a four-headed hydra
 11893 | Lair:2   | 11893 ||| SWAPPING to +4 vampiric war axe.
 11906 | Lair:2   | 11906 ||| Stepping ~*~*~tactically~*~*~ (stealth).
 11921 | Lair:2   | Reached XP level 13. HP: 82/82 MP: 13/13
 11955 | Lair:2   | HP: 8/82 [Urug/+1 eveningstar of protection (20)]
 11956 | Lair:2   | 11956 ||| READING 9 scrolls of teleportation.
 11957 | Lair:2   | 11957 ||| DRINKING 5 potions of heal wounds.
 12069 | Lair:2   | Reached skill level 13 in Armour
 12141 | Lair:2   | 12141 ||| FLEEEEING.
 12142 | Lair:2   | 12142 ||| FLEEEEING.
 12143 | Lair:2   | 12143 ||| FLEEEEING.
 12144 | Lair:2   | 12144 ||| FLEEEEING.
 12145 | Lair:2   | 12145 ||| FLEEEEING.
 12146 | Lair:2   | 12146 ||| FLEEEEING.
 12147 | Lair:2   | 12147 ||| FLEEEEING.
 12148 | Lair:2   | 12148 ||| FLEEEEING.
 12149 | Lair:2   | 12149 ||| FLEEEEING.
 12150 | Lair:2   | 12150 ||| FLEEEEING.
 12152 | Lair:2   | 12152 ||| FLEEEEING.
 12153 | Lair:2   | 12153 ||| FLEEEEING.
 12182 | Lair:2   | Killed Urug
 12185 | Lair:2   | 12185 ||| DROPPING +0 morningstar of protection.
 12443 | Lair:2   | 12443 ||| UPGRADING to ring of resist corrosion.
 12445 | Lair:2   | 12445 ||| UPGRADING to ring of protection from cold.
 12743 | Lair:3   | 12743 ||| Stepping ~*~*~tactically~*~*~ (stealth).
 12744 | Lair:3   | 12744 ||| Stepping ~*~*~tactically~*~*~ (stealth).
 12981 | Lair:3   | 12981 ||| Stepping ~*~*~tactically~*~*~ (stealth).
 13257 | Lair:3   | 13257 ||| UPGRADING to amulet of reflection.
 13267 | Lair:3   | 13267 ||| DROPPING amulet of the acrobat.
 13268 | Lair:3   | 13268 ||| READING 15 scrolls of identify.
 13268 | Lair:3   | 13268 ||| IDENTIFYING fizzy amethyst potion
 13305 | Lair:4   | 13305 ||| STAIRDANCE
 13413 | Lair:4   | Identified the +2 chain mail "Itibyduo" {rElec rC+++ Str-2
                  | Dex-2}
 13591 | Lair:4   | 13591 ||| Stepping ~*~*~tactically~*~*~ (stealth).
 13654 | Lair:4   | 13654 ||| Stepping ~*~*~tactically~*~*~ (stealth).
 13655 | Lair:4   | 13655 ||| Stepping ~*~*~tactically~*~*~ (stealth).
 13666 | Lair:4   | 13666 ||| Stepping ~*~*~tactically~*~*~ (stealth).
 13703 | Lair:4   | 13703 ||| Stepping ~*~*~tactically~*~*~ (stealth).
 13712 | Lair:4   | 13712 ||| Stepping ~*~*~tactically~*~*~ (stealth).
 13866 | Lair:4   | Found a frozen archway.
 13957 | Lair:4   | Found a hide-covered altar of Uskayaw.
 13996 | Lair:4   | 13996 ||| Stepping ~*~*~tactically~*~*~ (stealth).
 14195 | Lair:4   | 14195 ||| Stepping ~*~*~tactically~*~*~ (water).
 14318 | Lair:4   | 14318 ||| DROPPING amulet of guardian spirit.
 14355 | Lair:5   | Entered Level 5 of the Lair of Beasts
 14452 | Lair:5   | Reached skill level 14 in Armour
 14562 | Lair:5   | 14562 ||| Stepping ~*~*~tactically~*~*~ (stealth).
 14564 | Lair:5   | 14564 ||| Stepping ~*~*~tactically~*~*~ (stealth).
 14623 | Lair:5   | Found a staircase to the Slime Pits.
 14762 | Lair:5   | 14762 ||| Stepping ~*~*~tactically~*~*~ (hiding).
 14834 | Lair:5   | 14834 ||| SWAPPING to +1 eveningstar of protection.
 14849 | Lair:5   | Reached skill level 6 in Throwing
 14849 | Lair:5   | 14849 ||| SWAPPING to +4 vampiric war axe.
 14906 | Lair:5   | Found a dark tunnel.
 14973 | Lair:5   | 14973 ||| Stepping ~*~*~tactically~*~*~ (stealth).
 14979 | Lair:5   | Gained mutation: Your large and strong wings let you fly.
                  | [Gargoyle growth]
 14979 | Lair:5   | Reached XP level 14. HP: 90/90 MP: 14/14
 15017 | Lair:5   | 15017 ||| Stepping ~*~*~tactically~*~*~ (stealth).
 15025 | Lair:5   | 15025 ||| Stepping ~*~*~tactically~*~*~ (stealth).
 15402 | Lair:5   | 15402 ||| Stepping ~*~*~tactically~*~*~ (stealth).
 15403 | Lair:5   | 15403 ||| Stepping ~*~*~tactically~*~*~ (stealth).
 15424 | Lair:5   | Reached skill level 15 in Axes
 15459 | Lair:5   | 15459 ||| SWAPPING to +1 eveningstar of protection.
 15465 | Lair:5   | 15465 ||| SWAPPING to +4 vampiric war axe.
 15474 | Lair:5   | Found the +7 lajatang of Order {silver, rMut}
 15553 | Lair:5   | 15553 ||| PLANNING D
 15553 | Lair:5   | 15553 ||| READING 17 scrolls of identify.
 15553 | Lair:5   | 15553 ||| IDENTIFYING fizzy yellow potion
 15554 | Lair:5   | 15554 ||| DROPPING potion of degeneration.
 15781 | D:12     | Noticed Snorg
 15805 | D:12     | Killed Snorg
 15806 | D:12     | Reached skill level 12 in Fighting
 15876 | D:12     | 15876 ||| READING 9 scrolls of teleportation.
 15929 | D:12     | 15929 ||| Stepping ~*~*~tactically~*~*~ (stealth).
 16204 | D:12     | 16204 ||| READING scroll of enchant armour.
 16204 | D:12     | 16204 ||| ENCHANTING +0 crystal plate armour.
 16292 | D:12     | 16292 ||| Stepping ~*~*~tactically~*~*~ (stealth).
 16394 | D:13     | 16394 ||| FLEEEEING.
 16395 | D:13     | 16395 ||| FLEEEEING.
 16400 | D:13     | 16400 ||| Stepping ~*~*~tactically~*~*~ (stealth).
 16438 | D:13     | Reached skill level 15 in Armour
 16668 | D:13     | 16668 ||| Invisible monster not found???
 16686 | D:13     | Found a gate to the Vaults.
 17097 | D:13     | 17097 ||| Stepping ~*~*~tactically~*~*~ (stealth).
 17131 | D:13     | Reached XP level 15. HP: 79/96 MP: 15/15
 17323 | D:13     | Reached skill level 3 in Dodging
 17330 | D:13     | 17330 ||| Stepping ~*~*~tactically~*~*~ (hiding).
 17706 | D:13     | 17706 ||| UPGRADING to ring of see invisible.
 17754 | D:14     | Found Ziugyrch's Overcharged Wands.
 17772 | D:14     | 17772 ||| SWAPPING to +1 eveningstar of protection.
 17787 | D:14     | 17787 ||| SWAPPING to +4 vampiric war axe.
 17799 | D:14     | 17799 ||| Stepping ~*~*~tactically~*~*~ (hiding).
 17885 | D:14     | Found a runed translucent door.
 17892 | D:14     | Identified the +4 trident of Action {protect, rCorr Str+2
                  | Int+4 Dex+3}
 17893 | D:14     | Noticed Ytheofip's ghost (journeyman FoFi)
 17923 | D:14     | 17923 ||| Stepping ~*~*~tactically~*~*~ (stealth).
 17953 | D:14     | Reached skill level 16 in Armour
 18105 | D:14     | 18105 ||| SWAPPING to +1 eveningstar of protection.
 18110 | D:14     | 18110 ||| SWAPPING to +4 vampiric war axe.
 18274 | D:15     | Entered Level 15 of the Dungeon
 18320 | D:15     | Found a staircase to the Depths.
 18324 | D:15     | 18324 ||| FLEEEEING.
 18325 | D:15     | 18325 ||| FLEEEEING.
 18326 | D:15     | 18326 ||| FLEEEEING.
 18327 | D:15     | 18327 ||| FLEEEEING.
 18328 | D:15     | 18328 ||| FLEEEEING.
 18329 | D:15     | 18329 ||| FLEEEEING.
 18330 | D:15     | 18330 ||| FLEEEEING.
 18333 | D:15     | 18333 ||| STAIRDANCE
 18372 | D:15     | 18372 ||| FLEEEEING.
 18373 | D:15     | 18373 ||| FLEEEEING.
 18374 | D:15     | 18374 ||| FLEEEEING.
 18375 | D:15     | 18375 ||| FLEEEEING.
 18377 | D:15     | 18377 ||| STAIRDANCE
 18407 | D:15     | 18407 ||| FLEEEEING.
 18489 | D:15     | 18489 ||| Stepping ~*~*~tactically~*~*~ (hiding).
 18507 | D:15     | 18507 ||| Stepping ~*~*~tactically~*~*~ (hiding).
 18508 | D:15     | 18508 ||| Stepping ~*~*~tactically~*~*~ (hiding).
 18512 | D:15     | 18512 ||| Stepping ~*~*~tactically~*~*~ (hiding).
 18513 | D:15     | 18513 ||| Stepping ~*~*~tactically~*~*~ (hiding).
 18514 | D:15     | 18514 ||| Stepping ~*~*~tactically~*~*~ (hiding).
 18540 | D:15     | 18540 ||| Stepping ~*~*~tactically~*~*~ (hiding).
 18815 | D:15     | Found a bloodstained altar of Trog.
 18825 | D:15     | 18825 ||| Stepping ~*~*~tactically~*~*~ (stealth).
 18843 | D:15     | Found Syschiogo's Book Shop.
 19220 | D:15     | 19220 ||| PLANNING ORC
 19360 | Orc:1    | Entered Level 1 of the Orcish Mines
 19360 | Orc:1    | Noticed an orc warlord
 19404 | Orc:1    | Killed an orc warlord
 19421 | Orc:1    | 19421 ||| Stepping ~*~*~tactically~*~*~ (stealth).
 19457 | Orc:1    | 19457 ||| Stepping ~*~*~tactically~*~*~ (hiding).
 19499 | Orc:1    | 19499 ||| Stepping ~*~*~tactically~*~*~ (stealth).
 19503 | Orc:1    | 19503 ||| Stepping ~*~*~tactically~*~*~ (stealth).
 19504 | Orc:1    | 19504 ||| Stepping ~*~*~tactically~*~*~ (stealth).
 19505 | Orc:1    | 19505 ||| Stepping ~*~*~tactically~*~*~ (stealth).
 19510 | Orc:1    | 19510 ||| Stepping ~*~*~tactically~*~*~ (stealth).
 19514 | Orc:1    | 19514 ||| Stepping ~*~*~tactically~*~*~ (hiding).
 19516 | Orc:1    | 19516 ||| Stepping ~*~*~tactically~*~*~ (hiding).
 19532 | Orc:1    | 19532 ||| Stepping ~*~*~tactically~*~*~ (hiding).
 19543 | Orc:1    | Noticed an orc warlord
 19544 | Orc:1    | 19544 ||| Stepping ~*~*~tactically~*~*~ (stealth).
 19547 | Orc:1    | 19547 ||| Stepping ~*~*~tactically~*~*~ (hiding).
 19583 | Orc:1    | Killed an orc warlord
 19672 | Orc:1    | Found the +2 hat of the Bear Spirit {Spirit, *Rage Will++}
 19674 | Orc:1    | Identified the +0 hat of the Crypt {Harm Drain rF++ Dex-3}
 19760 | Orc:1    | 19760 ||| DROPPING +2 hat.
 19761 | Orc:1    | 19761 ||| DROPPING +0 hat of willpower.
 19779 | Orc:2    | Entered Level 2 of the Orcish Mines
 19809 | Orc:2    | 19809 ||| STAIRDANCE
 19815 | Orc:2    | 19815 ||| STAIRDANCE
 19816 | Orc:2    | Noticed Jorgrun
 19855 | Orc:2    | Killed Jorgrun
 19918 | Orc:2    | Found a staircase to the Elven Halls.
 19955 | Orc:2    | Noticed Nessos
 19956 | Orc:2    | 19956 ||| Stepping ~*~*~tactically~*~*~ (hiding).
 19961 | Orc:2    | 19961 ||| Stepping ~*~*~tactically~*~*~ (hiding).
 19962 | Orc:2    | 19962 ||| Stepping ~*~*~tactically~*~*~ (hiding).
 19963 | Orc:2    | 19963 ||| Stepping ~*~*~tactically~*~*~ (hiding).
 19966 | Orc:2    | Killed Nessos
 19967 | Orc:2    | Reached skill level 17 in Armour
 20152 | Orc:2    | 20152 ||| Stepping ~*~*~tactically~*~*~ (stealth).
 20153 | Orc:2    | 20153 ||| Stepping ~*~*~tactically~*~*~ (stealth).
 20214 | Orc:2    | 20214 ||| Stepping ~*~*~tactically~*~*~ (hiding).
 20221 | Orc:2    | Found Ropseuga's Magic Scroll Shop.
 20262 | Orc:2    | Reached skill level 9 in Shields
 20281 | Orc:2    | 20281 ||| Stepping ~*~*~tactically~*~*~ (hiding).
 20295 | Orc:2    | Reached XP level 16. HP: 96/104 MP: 16/16
 20325 | Orc:2    | Found Eleigg's Armour Emporium.
 20331 | Orc:2    | 20331 ||| BUYING scroll of teleportation (51 gold).
 20331 | Orc:2    | Bought a scroll of teleportation for 51 gold pieces
 20334 | Orc:2    | Found Jixzio's Magic Scroll Emporium.
 20336 | Orc:2    | Found Xeaklujino's Jewellery Shop.
 20342 | Orc:2    | 20342 ||| BUYING scroll of teleportation (39 gold).
 20342 | Orc:2    | Bought a scroll of teleportation for 39 gold pieces
 20345 | Orc:2    | 20345 ||| BUYING +4 ring of protection (612 gold).
 20345 | Orc:2    | Bought a +4 ring of protection for 612 gold pieces
 20345 | Orc:2    | 20345 ||| BUYING amulet "Haannoce" {Reflect Regen+ SH+5}
                  | (629 gold).
 20345 | Orc:2    | Bought the amulet "Haannoce" {Reflect Regen+ SH+5} for 629
                  | gold pieces
 20345 | Orc:2    | 20345 ||| SHOPLISTING ring of protection from cold (425
                  | gold, have 277).
 20345 | Orc:2    | 20345 ||| SHOPLISTING ring of resist corrosion (340 gold,
                  | have 277).
 20472 | Orc:2    | 20472 ||| UPGRADING to amulet "Haannoce" {Reflect Regen+
                  | SH+5}.
 20482 | Orc:2    | 20482 ||| DROPPING amulet of reflection.
 20483 | Orc:2    | 20483 ||| DROPPING ring of positive energy.
 20484 | Orc:2    | 20484 ||| DROPPING ring of willpower.
 20566 | Orc:1    | 20566 ||| Stepping ~*~*~tactically~*~*~ (hiding).
 20760 | Orc:1    | 20760 ||| PLANNING SWAMP:1-3
 20877 | Swamp:1  | Entered Level 1 of the Swamp
 20899 | Swamp:1  | 20899 ||| Stepping ~*~*~tactically~*~*~ (hiding).
 20920 | Swamp:1  | Identified a scroll of acquirement
 20938 | Swamp:1  | 20938 ||| READING scroll of acquirement.
 20938 | Swamp:1  | 20938 ||| ACQUIRING 937 gold pieces
 20938 | Swamp:1  | Acquired 937 gold pieces
 21082 | Swamp:1  | 21082 ||| SWAPPING to +1 eveningstar of protection.
 21084 | Swamp:1  | 21084 ||| Stepping ~*~*~tactically~*~*~ (outnumbered).
 21085 | Swamp:1  | 21085 ||| SWAPPING to +4 vampiric war axe.
 21086 | Swamp:1  | 21086 ||| SWAPPING to +1 eveningstar of protection.
 21087 | Swamp:1  | 21087 ||| Stepping ~*~*~tactically~*~*~ (outnumbered).
 21088 | Swamp:1  | 21088 ||| Stepping ~*~*~tactically~*~*~ (outnumbered).
 21089 | Swamp:1  | 21089 ||| Stepping ~*~*~tactically~*~*~ (outnumbered).
 21090 | Swamp:1  | 21090 ||| Stepping ~*~*~tactically~*~*~ (outnumbered).
 21092 | Swamp:1  | 21092 ||| SWAPPING to +4 vampiric war axe.
 21094 | Swamp:1  | 21094 ||| SWAPPING to +1 eveningstar of protection.
 21096 | Swamp:1  | 21096 ||| SWAPPING to +4 vampiric war axe.
 21097 | Swamp:1  | 21097 ||| SWAPPING to +1 eveningstar of protection.
 21099 | Swamp:1  | 21099 ||| SWAPPING to +4 vampiric war axe.
 21100 | Swamp:1  | 21100 ||| SWAPPING to +1 eveningstar of protection.
 21102 | Swamp:1  | 21102 ||| SWAPPING to +4 vampiric war axe.
 21103 | Swamp:1  | 21103 ||| SWAPPING to +1 eveningstar of protection.
 21105 | Swamp:1  | 21105 ||| SWAPPING to +4 vampiric war axe.
 21106 | Swamp:1  | 21106 ||| SWAPPING to +1 eveningstar of protection.
 21108 | Swamp:1  | 21108 ||| SWAPPING to +4 vampiric war axe.
 21109 | Swamp:1  | 21109 ||| SWAPPING to +1 eveningstar of protection.
 21111 | Swamp:1  | 21111 ||| SWAPPING to +4 vampiric war axe.
 21113 | Swamp:1  | 21113 ||| SWAPPING to +1 eveningstar of protection.
 21114 | Swamp:1  | 21114 ||| SWAPPING to +4 vampiric war axe.
 21116 | Swamp:1  | 21116 ||| SWAPPING to +1 eveningstar of protection.
 21122 | Swamp:1  | 21122 ||| SWAPPING to +4 vampiric war axe.
 21164 | Swamp:1  | 21164 ||| Stepping ~*~*~tactically~*~*~ (stealth).
 21166 | Swamp:1  | 21166 ||| Stepping ~*~*~tactically~*~*~ (stealth).
 21168 | Swamp:1  | 21168 ||| Stepping ~*~*~tactically~*~*~ (stealth).
 21170 | Swamp:1  | 21170 ||| Stepping ~*~*~tactically~*~*~ (stealth).
 21172 | Swamp:1  | 21172 ||| Stepping ~*~*~tactically~*~*~ (stealth).
 21174 | Swamp:1  | 21174 ||| Stepping ~*~*~tactically~*~*~ (stealth).
 21176 | Swamp:1  | 21176 ||| Stepping ~*~*~tactically~*~*~ (stealth).
 21178 | Swamp:1  | 21178 ||| Stepping ~*~*~tactically~*~*~ (stealth).
 21180 | Swamp:1  | 21180 ||| Stepping ~*~*~tactically~*~*~ (stealth).
 21394 | Swamp:1  | 21394 ||| Stepping ~*~*~tactically~*~*~ (hiding).
 21457 | Swamp:1  | 21457 ||| READING scroll of enchant weapon.
 21457 | Swamp:1  | 21457 ||| ENCHANTING +4 vampiric war axe.
 21545 | Swamp:1  | Noticed Frances
 21574 | Swamp:1  | Killed Frances
 21588 | Swamp:1  | 21588 ||| READING scroll of enchant weapon.
 21588 | Swamp:1  | 21588 ||| ENCHANTING +5 vampiric war axe.
 21813 | Swamp:2  | 21813 ||| Stepping ~*~*~tactically~*~*~ (stealth).
 21826 | Swamp:2  | 21826 ||| SWAPPING to +1 eveningstar of protection.
 21841 | Swamp:2  | 21841 ||| SWAPPING to +6 vampiric war axe.
 22161 | Swamp:2  | 22161 ||| Stepping ~*~*~tactically~*~*~ (hiding).
 22162 | Swamp:2  | 22162 ||| Stepping ~*~*~tactically~*~*~ (hiding).
 22164 | Swamp:2  | 22164 ||| Stepping ~*~*~tactically~*~*~ (hiding).
 22232 | Swamp:2  | 22232 ||| Stepping ~*~*~tactically~*~*~ (stealth).
 22234 | Swamp:2  | 22234 ||| Stepping ~*~*~tactically~*~*~ (hiding).
 22534 | Swamp:2  | 22534 ||| UPGRADING to +2 buckler.
 22544 | Swamp:2  | 22544 ||| DROPPING +0 buckler.
 22545 | Swamp:2  | 22545 ||| DROPPING +1 pair of gloves.
 22580 | Swamp:3  | 22580 ||| STAIRDANCE
 22601 | Swamp:3  | 22601 ||| SWAPPING to +1 eveningstar of protection.
 22603 | Swamp:3  | 22603 ||| Stepping ~*~*~tactically~*~*~ (outnumbered).
 22604 | Swamp:3  | 22604 ||| Stepping ~*~*~tactically~*~*~ (outnumbered).
 22606 | Swamp:3  | 22606 ||| Stepping ~*~*~tactically~*~*~ (outnumbered).
 22607 | Swamp:3  | 22607 ||| Stepping ~*~*~tactically~*~*~ (outnumbered).
 22608 | Swamp:3  | 22608 ||| Stepping ~*~*~tactically~*~*~ (outnumbered).
 22609 | Swamp:3  | 22609 ||| Stepping ~*~*~tactically~*~*~ (outnumbered).
 22631 | Swamp:3  | Reached skill level 18 in Armour
 22631 | Swamp:3  | 22631 ||| SWAPPING to +6 vampiric war axe.
 22634 | Swamp:3  | HP: 24/106 [alligator (18)]
 22634 | Swamp:3  | HP: 11/106 [spriggan rider/+0 spear (13)]
 22635 | Swamp:3  | 22635 ||| READING 11 scrolls of teleportation.
 22636 | Swamp:3  | 22636 ||| DRINKING 5 potions of heal wounds.
 22661 | Swamp:3  | 22661 ||| Stepping ~*~*~tactically~*~*~ (hiding).
 22730 | Swamp:3  | 22730 ||| SWAPPING to +1 eveningstar of protection.
 22732 | Swamp:3  | 22732 ||| Stepping ~*~*~tactically~*~*~ (outnumbered).
 22733 | Swamp:3  | 22733 ||| Stepping ~*~*~tactically~*~*~ (outnumbered).
 22735 | Swamp:3  | 22735 ||| Stepping ~*~*~tactically~*~*~ (outnumbered).
 22736 | Swamp:3  | 22736 ||| Stepping ~*~*~tactically~*~*~ (outnumbered).
 22747 | Swamp:3  | 22747 ||| SWAPPING to +6 vampiric war axe.
 22800 | Swamp:3  | 22800 ||| Stepping ~*~*~tactically~*~*~ (hiding).
 22801 | Swamp:3  | 22801 ||| Stepping ~*~*~tactically~*~*~ (stealth).
 22805 | Swamp:3  | 22805 ||| SWAPPING to +1 eveningstar of protection.
 22807 | Swamp:3  | 22807 ||| Stepping ~*~*~tactically~*~*~ (outnumbered).
 22809 | Swamp:3  | 22809 ||| Stepping ~*~*~tactically~*~*~ (outnumbered).
 22811 | Swamp:3  | 22811 ||| Stepping ~*~*~tactically~*~*~ (outnumbered).
 22812 | Swamp:3  | 22812 ||| Stepping ~*~*~tactically~*~*~ (outnumbered).
 22814 | Swamp:3  | 22814 ||| Stepping ~*~*~tactically~*~*~ (outnumbered).
 22815 | Swamp:3  | 22815 ||| Stepping ~*~*~tactically~*~*~ (hiding).
 22818 | Swamp:3  | 22818 ||| Stepping ~*~*~tactically~*~*~ (outnumbered).
 22818 | Swamp:3  | Noticed Mara
 22819 | Swamp:3  | 22819 ||| STAIRDANCE
 22821 | Swamp:2  | 22821 ||| Stepping ~*~*~tactically~*~*~ (outnumbered).
 22829 | Swamp:2  | 22829 ||| SWAPPING to +6 vampiric war axe.
 22868 | Swamp:2  | 22868 ||| Stepping ~*~*~tactically~*~*~ (hiding).
 22881 | Swamp:2  | 22881 ||| Stepping ~*~*~tactically~*~*~ (stealth).
 22911 | Swamp:2  | 22911 ||| Stepping ~*~*~tactically~*~*~ (hiding).
 22926 | Swamp:2  | Reached skill level 15 in Fighting
 22987 | Swamp:3  | Noticed a thorn hunter
 22990 | Swamp:3  | Noticed qw's illusion
 23014 | Swamp:3  | HP: 24/108 [acid (7)]
 23015 | Swamp:3  | 23015 ||| READING 10 scrolls of teleportation.
 23016 | Swamp:3  | 23016 ||| DRINKING 4 potions of heal wounds.
 23110 | Swamp:3  | 23110 ||| Stepping ~*~*~tactically~*~*~ (hiding).
 23142 | Swamp:3  | 23142 ||| Stepping ~*~*~tactically~*~*~ (hiding).
 23192 | Swamp:3  | Noticed qw's illusion
 23195 | Swamp:3  | Killed Mara
 23209 | Swamp:3  | Killed a thorn hunter
 23244 | Swamp:3  | 23244 ||| Stepping ~*~*~tactically~*~*~ (hiding).
 23392 | Swamp:3  | Reached XP level 17. HP: 113/113 MP: 17/17
 23457 | Swamp:3  | Reached skill level 19 in Armour
 23659 | Swamp:3  | 23659 ||| PLANNING SNAKE:1-3
 23759 | Snake:1  | Entered Level 1 of the Snake Pit
 23771 | Snake:1  | 23771 ||| Stepping ~*~*~tactically~*~*~ (hiding).
 23893 | Snake:1  | Found Ryobot's Assorted Antiques.
 23900 | Snake:1  | 23900 ||| BUYING scroll of teleportation (99 gold).
 23900 | Snake:1  | Bought a scroll of teleportation for 99 gold pieces
 23902 | Snake:1  | Found a transporter.
 23917 | Snake:1  | Found a transporter.
 23935 | Snake:1  | Found a one-way gate to the infinite horrors of the Abyss.
 23935 | Snake:1  | Noticed Romunoh's ghost (adept SpBr)
 23938 | Snake:1  | Noticed Kirke
 23964 | Snake:1  | Killed Kirke
 24012 | Snake:1  | Found Jenuerr's One-of-a-Kind Rings.
 24024 | Snake:1  | 24024 ||| SHOPLISTING +6 ring of slaying (2013 gold, have
                  | 1866).
 24024 | Snake:1  | 24024 ||| BUYING +7 ring of evasion (1449 gold).
 24024 | Snake:1  | Bought a +7 ring of evasion for 1449 gold pieces
 24024 | Snake:1  | 24024 ||| SHOPLISTING +7 ring of protection (1449 gold,
                  | have 417).
 24024 | Snake:1  | 24024 ||| SHOPLISTING ring of Dim Light {rF+ rC+ rCorr
                  | Dex+3} (662 gold, have 417).
 24024 | Snake:1  | 24024 ||| SHOPLISTING ring of the Noxious Plum {rF+ rC+
                  | rCorr Dex+2} (683 gold, have 417).
 24024 | Snake:1  | 24024 ||| SHOPLISTING ring of the Princeling {rPois rF-
                  | rCorr Str+5 Dex+2} (564 gold, have 417).
 24055 | Snake:1  | 24055 ||| Stepping ~*~*~tactically~*~*~ (hiding).
 24056 | Snake:1  | 24056 ||| Stepping ~*~*~tactically~*~*~ (hiding).
 24059 | Snake:1  | 24059 ||| Stepping ~*~*~tactically~*~*~ (hiding).
 24120 | Snake:1  | 24120 ||| Stepping ~*~*~tactically~*~*~ (hiding).
 24365 | Snake:1  | 24365 ||| UPGRADING to scarf of repulsion.
 24375 | Snake:1  | 24375 ||| UPGRADING to +7 ring of evasion.
 24377 | Snake:1  | 24377 ||| DROPPING +4 ring of protection.
 24423 | Snake:2  | 24423 ||| STAIRDANCE
 24433 | Snake:1  | Noticed a tentacled starspawn
 24526 | Snake:2  | Noticed Vashnia
 24574 | Snake:2  | 24574 ||| FLEEEEING.
 24575 | Snake:2  | 24575 ||| FLEEEEING.
 24576 | Snake:2  | 24576 ||| FLEEEEING.
 24577 | Snake:2  | 24577 ||| FLEEEEING.
 24578 | Snake:2  | 24578 ||| FLEEEEING.
 24620 | Snake:2  | Killed Vashnia
 24680 | Snake:2  | Found a transporter.
 24734 | Snake:2  | 24734 ||| FLEEEEING.
 24736 | Snake:2  | 24736 ||| FLEEEEING.
 24737 | Snake:2  | 24737 ||| FLEEEEING.
 24738 | Snake:2  | 24738 ||| FLEEEEING.
 25076 | Snake:2  | Found a radiant altar of Vehumet.
 25101 | Snake:2  | 25101 ||| UPGRADING to +0 kite shield.
 25111 | Snake:2  | 25111 ||| DROPPING +2 buckler.
 25180 | Snake:3  | Found Ytiyf's Armour Shoppe.
 25212 | Snake:3  | 25212 ||| Stepping ~*~*~tactically~*~*~ (stealth).
 25270 | Snake:3  | Found Libluaf's Armour Boutique.
 25273 | Snake:3  | Found Nygaeca's General Store.
 25278 | Snake:3  | 25278 ||| SHOPLISTING +0 plate armour of the Stone Wall
                  | {rF+ rC+ Will+} (694 gold, have 539).
 25287 | Snake:3  | 25287 ||| BUYING scroll of teleportation (42 gold).
 25287 | Snake:3  | Bought a scroll of teleportation for 42 gold pieces
 25304 | Snake:3  | Noticed Aizul
 25326 | Snake:3  | Killed Aizul
 25365 | Snake:3  | 25365 ||| READING scroll of enchant armour.
 25365 | Snake:3  | 25365 ||| ENCHANTING +1 crystal plate armour.
 25402 | Snake:3  | 25402 ||| Stepping ~*~*~tactically~*~*~ (stealth).
 25404 | Snake:3  | 25404 ||| Stepping ~*~*~tactically~*~*~ (stealth).
 25456 | Snake:3  | 25456 ||| Stepping ~*~*~tactically~*~*~ (hiding).
 25561 | Snake:3  | Noticed Bai Suzhen
 25564 | Snake:3  | 25564 ||| SWAPPING to +1 eveningstar of protection.
 25582 | Snake:3  | 25582 ||| SWAPPING to +6 vampiric war axe.
 25605 | Snake:3  | Killed Bai Suzhen
 25606 | Snake:3  | 25606 ||| Stepping ~*~*~tactically~*~*~ (cloud).
 25816 | Snake:3  | Found Mitz's Assorted Antiques.
 25823 | Snake:3  | 25823 ||| BUYING twitching turquoise ring (160 gold).
 25823 | Snake:3  | Bought a twitching turquoise ring for 160 gold pieces
 25823 | Snake:3  | Identified the ring of Yseotz {rCorr Int+4} (You bought it
                  | in a shop on level 3 of the Snake Pit)
 25994 | Snake:3  | Found Reagus's Armour Shoppe.
 26002 | Snake:3  | 26002 ||| BUYING +1 chain mail "Moucs" {Fly rN+ rCorr} (340
                  | gold).
 26002 | Snake:3  | Bought the +1 chain mail "Moucs" {Fly rN+ rCorr} for 340
                  | gold pieces
 26002 | Snake:3  | 26002 ||| SHOPLISTING +1 cloak of Starlight {*Dazzle EV+4
                  | Stlth--} (366 gold, have 117).
 26002 | Snake:3  | 26002 ||| SHOPLISTING +10 plate armour of ponderousness
                  | (600 gold, have 117).
 26002 | Snake:3  | 26002 ||| SHOPLISTING +3 pair of seven-league boots
                  | {Rampage+∞} (480 gold, have 117).
 26230 | Snake:3  | 26230 ||| PLANNING SWAMP:4
 26365 | Swamp:4  | Entered Level 4 of the Swamp
 26366 | Swamp:4  | 26366 ||| SWAPPING to +1 eveningstar of protection.
 26368 | Swamp:4  | 26368 ||| Stepping ~*~*~tactically~*~*~ (outnumbered).
 26371 | Swamp:4  | 26371 ||| Stepping ~*~*~tactically~*~*~ (outnumbered).
 26372 | Swamp:4  | 26372 ||| Stepping ~*~*~tactically~*~*~ (outnumbered).
 26373 | Swamp:4  | 26373 ||| Stepping ~*~*~tactically~*~*~ (outnumbered).
 26374 | Swamp:4  | 26374 ||| Stepping ~*~*~tactically~*~*~ (outnumbered).
 26375 | Swamp:4  | 26375 ||| Stepping ~*~*~tactically~*~*~ (outnumbered).
 26377 | Swamp:4  | 26377 ||| Stepping ~*~*~tactically~*~*~ (outnumbered).
 26380 | Swamp:4  | 26380 ||| Stepping ~*~*~tactically~*~*~ (outnumbered).
 26381 | Swamp:4  | 26381 ||| Stepping ~*~*~tactically~*~*~ (outnumbered).
 26382 | Swamp:4  | 26382 ||| Stepping ~*~*~tactically~*~*~ (outnumbered).
 26385 | Swamp:4  | 26385 ||| Stepping ~*~*~tactically~*~*~ (outnumbered).
 26386 | Swamp:4  | 26386 ||| Stepping ~*~*~tactically~*~*~ (outnumbered).
 26387 | Swamp:4  | 26387 ||| Stepping ~*~*~tactically~*~*~ (outnumbered).
 26388 | Swamp:4  | 26388 ||| Stepping ~*~*~tactically~*~*~ (outnumbered).
 26390 | Swamp:4  | 26390 ||| Stepping ~*~*~tactically~*~*~ (outnumbered).
 26391 | Swamp:4  | 26391 ||| Stepping ~*~*~tactically~*~*~ (outnumbered).
 26392 | Swamp:4  | 26392 ||| Stepping ~*~*~tactically~*~*~ (outnumbered).
 26393 | Swamp:4  | 26393 ||| Stepping ~*~*~tactically~*~*~ (outnumbered).
 26404 | Swamp:4  | HP: 26/117 [six-headed hydra (4)]
 26405 | Swamp:4  | 26405 ||| READING 12 scrolls of teleportation.
 26405 | Swamp:4  | HP: 6/117 [six-headed hydra (8)]
 26406 | Swamp:4  | 26406 ||| DRINKING 3 potions of heal wounds.
 26407 | Swamp:4  | 26407 ||| DRINKING 2 potions of heal wounds.
 26409 | Swamp:4  | 26409 ||| SWAPPING to +6 vampiric war axe.
 26410 | Swamp:4  | 26410 ||| Stepping ~*~*~tactically~*~*~ (stealth).
 26421 | Swamp:4  | Reached skill level 12 in Shields
 26436 | Swamp:4  | 26436 ||| SWAPPING to +1 eveningstar of protection.
 26442 | Swamp:4  | Reached XP level 18. HP: 95/123 MP: 18/18
 26442 | Swamp:4  | 26442 ||| SWAPPING to +6 vampiric war axe.
 26456 | Swamp:4  | 26456 ||| Stepping ~*~*~tactically~*~*~ (stealth).
 26535 | Swamp:4  | 26535 ||| Stepping ~*~*~tactically~*~*~ (stealth).
 26536 | Swamp:4  | 26536 ||| Stepping ~*~*~tactically~*~*~ (stealth).
 26541 | Swamp:4  | 26541 ||| DROPPING +1 eveningstar of protection.
 26583 | Swamp:4  | HP: 25/123 [20-headed hydra (8)]
 26584 | Swamp:4  | 26584 ||| READING 11 scrolls of teleportation.
 26584 | Swamp:4  | HP: 4/123 [20-headed hydra (10)]
 26585 | Swamp:4  | 26585 ||| DRINKING potion of heal wounds.
 26606 | Swamp:4  | HP: 29/123 [16-headed hydra (3)]
 26607 | Swamp:4  | 26607 ||| READING 10 scrolls of teleportation.
 26608 | Swamp:4  | HP: 7/123 [17-headed hydra (9)]
 26608 | Swamp:4  | Slain by a 17-headed hydra

Levels and vault maps discovered:
D:1:      wander_arrival_peaceful_grave, layout_basic, minmay_3d_cube
D:2:      wander_river, layout_loops_cross, shapermc_ecumenical_altar_venn,
          uniq_robin, uniq_natasha, uniq_sigmund
D:3:      layout_loops_ring, minmay_misc_feat_tower
D:4:      layout_basic, kennysheep_little_box, enter_ossuary_4,
          dreamdust_mushroom_princess, uniq_menkaure, uniq_crazy_yiuf_cottage
D:5:      layout_layer_cave, elyvilon_altar_1, serial_glass, glass_columns_b,
          glass_columns_b, minmay_joined_circles
D:6:      layout_loops_corners, grunt_dithmenos_smoke, serial_undead,
          serial_undead_e, serial_undead_c, serial_undead_e, serial_undead_f,
          serial_shops, nicolae_square_shop, uniq_edmund
D:7:      layout_cave_pools, minmay_temple_entry_antechambers
D:8:      layout_basic
D:9:      layout_irregular_city, kennysheep_mini,
          gammafunk_temple_overflow_pools, lair_entry_dummy, david_orc_1_choice,
          serial_shops, nicolae_shop_stone, uniq_gastronok
D:10:     layout_stronghold, mainiacjoe_overflow_alcove_3, minmay_door_square,
          st_stairs_10, uniq_maurice
D:11:     layout_basic, nicolae_zen_rock_garden
D:12:     layout_roguey, uniq_snorg
D:13:     minmay_bubble_buster, layout_irregular_city,
          grunt_vaults_entry_fortified
D:14:     layout_rooms, chequers_serial_rivers_micro_d,
          ebering_ghost_funeral_grove, nicolae_shop_overcharged_wands
D:15:     grunt_enter_depths_giant_problem, layout_basic, serial_shops, shop,
          trog_three_pillars_becter
Lair:1:   layout_gridlike, uniq_joseph
Lair:2:   layout_cellular_growth, swamp_mist, guppyfry_snake_entry_garden,
          nicolae_lair_run_with_the_wolves, grunt_megastairs_5, uniq_urug
Lair:3:   layout_regular_city
Lair:4:   layout_cave_pods, basic_altar, portal_ice_cave_rime,
          beast_lair_carwin_8, lemuel_fruit_tree
Lair:5:   grunt_lair_end_beastmaster, layout_loops_ring, slime_entry_1,
          nicolae_volcano_entry_s_turn
Swamp:1:  nicolae_swamp_long_stream, layout_falls_marsh, serial_swamp_ruin,
          evilmike_swamp_ruin_house_4, evilmike_swamp_ruin_house_3, uniq_frances
Swamp:2:  nicolae_swamp_secret_spriggan_hideout, layout_basic_swamp,
          evilmike_swamp_ruin_rubble_1, swamp_pool4
Swamp:3:  layout_basic_swamp, hangedman_swamp_diagram, uniq_mara
Swamp:4:  swamp_alternative, layout_basic_swamp,
          amcnicky_altar_lugonu_corruption, uniq_roxanne
Snake:1:  layout_grid_shapes, gammafunk_ghost_abyssal_escape, serial_shops,
          shop, nicolae_shop_unique_rings, uniq_kirke
Snake:2:  gammafunk_sealed_library, layout_cave_shapes, uniq_vashnia
Snake:3:  layout_basic, serial_shops, shop, nicolae_shop_advertising_works
          [nicolae_subvault_shop_adworks], shop_fountains, shop, shop,
          nicolae_triple_integral, uniq_bai_suzhen, uniq_aizul
Orc:1:    layout_caves, hangedman_minor_magic
Orc:2:    st_orc_elflike, layout_caves, uniq_jorgrun, uniq_nessos

Skill      XL: |  1  2  3  4  5  6  7  8  9 10 11 12 13 14 15 16 17 18 |
---------------+-------------------------------------------------------+-----
Axes           | 2 3 5 6 7 8 10 11 12 13 14 16 | 16.0
Fighting       | 4 5 6 7 9 10 11 12 13 15 17 | 17.0
Dodging        | 1 2 3 4 |  4.0
Armour         | 4 5 6 7 9 12 14 15 17 18 19 | 19.2
Throwing       | 1 3 4 6 7 8 |  8.0
Shields        | 4 5 6 7 9 12 13 | 13.1

Action                   |  1- 3 |  4- 6 |  7- 9 | 10-12 | 13-15 | 16-18 || total
-------------------------+-------+-------+-------+-------+-------+-------++-------
Melee: War axe           |    69 |   141 |   370 |   558 |  1371 |  1229 ||  3738
       Morningstar       |       |       |       |     7 |       |       ||     7
       Eveningstar       |       |       |       |       |    30 |   113 ||   143
Throw: Boomerang         |       |    14 |    87 |    35 |    19 |       ||   155
       Javelin           |       |       |       |    36 |   155 |    45 ||   236
  Use: Scroll            |     2 |     2 |    20 |     5 |     5 |     9 ||    43
       Potion            |     1 |     1 |     1 |     3 |     1 |     5 ||    12
 Stab: Confused          |       |       |       |       |     2 |       ||     2
Armor: Scale mail        |    33 |    76 |     1 |       |       |       ||   110
       Plate armour      |       |       |   257 |   368 |       |       ||   625
       Crystal plate arm |       |       |       |   180 |  1027 |  2088 ||  3295
Dodge: Dodged            |    35 |    74 |    99 |   234 |   250 |  1071 ||  1763
       Repelled          |       |       |       |       |       |    24 ||    24
Block: Buckler           |    15 |    20 |    55 |   170 |   595 |   702 ||  1557
       Reflection        |       |       |       |       |    33 |    53 ||    86
       Kite shield       |       |       |       |       |       |   672 ||   672

Table legend:
 A = Non-vault XP
 B = Vault XP
 C = Vault XP percentage of total XP
 D = Non-vault monster count
 E = Vault monster count
 F = Vault count percentage of total count
                 A         B        C        D         E       F
            +---------+---------+-------+---------+---------+-------
      Total |  173552 |   81671 |  32.0 |     687 |     250 |  26.7
            +---------+---------+-------+---------+---------+-------
        D:1 |      38 |       6 |  13.6 |      24 |       4 |  14.3
        D:2 |     149 |     301 |  66.9 |      33 |      15 |  31.2
        D:3 |     281 |       0 |   0.0 |      30 |       0 |   0.0
        D:4 |      36 |     167 |  82.3 |       6 |       3 |  33.3
        D:5 |     432 |     630 |  59.3 |      17 |      12 |  41.4
        D:6 |     623 |     742 |  54.4 |      23 |      10 |  30.3
        D:7 |     927 |       0 |   0.0 |      30 |       0 |   0.0
        D:8 |    1177 |       0 |   0.0 |      18 |       0 |   0.0
        D:9 |    1147 |    1936 |  62.8 |      22 |      10 |  31.2
       D:10 |    4358 |     833 |  16.0 |      21 |       4 |  16.0
       D:11 |    4535 |       0 |   0.0 |      23 |       0 |   0.0
       D:12 |    5801 |     903 |  13.5 |      19 |       1 |   5.0
       D:13 |    8935 |   13982 |  61.0 |      18 |      27 |  60.0
       D:14 |   11134 |       0 |   0.0 |      23 |       0 |   0.0
       D:15 |    6885 |    1097 |  13.7 |      14 |       1 |   6.7
     Lair:1 |    6454 |     466 |   6.7 |      20 |       1 |   4.8
     Lair:2 |    5042 |    4014 |  44.3 |      21 |      20 |  48.8
     Lair:3 |    4366 |       0 |   0.0 |      16 |       0 |   0.0
     Lair:4 |    3514 |    5829 |  62.4 |      17 |      10 |  37.0
     Lair:5 |    8127 |    8318 |  50.6 |      30 |      16 |  34.8
    Swamp:1 |   11488 |    1276 |  10.0 |      26 |       1 |   3.7
    Swamp:2 |    9335 |    7152 |  43.4 |      23 |      14 |  37.8
    Swamp:3 |   16721 |    4675 |  21.8 |      28 |       1 |   3.4
    Swamp:4 |    9215 |    4088 |  30.7 |      12 |       5 |  29.4
    Snake:1 |   16436 |    2189 |  11.8 |      33 |       5 |  13.2
    Snake:2 |   16164 |    6092 |  27.4 |      37 |       5 |  11.9
    Snake:3 |   12860 |    4350 |  25.3 |      28 |       2 |   6.7
      Orc:1 |    6909 |    1506 |  17.9 |      68 |      17 |  20.0
      Orc:2 |     463 |   10905 |  95.9 |       7 |      27 |  79.4
    Ossuary |       0 |     214 | 100.0 |       0 |      39 | 100.0
            +---------+---------+-------+---------+---------+-------
